 Dungeon Crawl Stone Soup version 0.21.0-3-g78d12a8 (webtiles) character file.

86116 Mefis the Thaumaturge (level 15, -5/93 HPs)
             Began as a Deep Elf Wizard on Jan 9, 2018.
             Was an Elder of Sif Muna.
             Slain by a wolf spider (16 damage)
             ... on level 1 of the Spider Nest.
             The game lasted 02:26:58 (40707 turns).

Mefis the Thaumaturge (Deep Elf Wizard)            Turns: 40707, Time: 02:26:59

Health: -5/93      AC: 30    Str:  5    XL:     15   Next: 39%
Magic:  4/34       EV: 19    Int: 36    God:    Sif Muna [****..]
Gold:   2292       SH:  2    Dex: 13    Spells: 0/40 levels left

rFire    + + .     SeeInvis .   b - +6 falchion of Deflation {flame, Int+3}
rCold    + . .     Gourm    .   (no shield)
rNeg     + . .     Faith    .   (armour currently unavailable)
rPois    ∞         Spirit   .   o - +0 helmet
rElec    +         Reflect  +   P - scarf {rC+ rF+}
rCorr    .         Harm     .   (gloves currently unavailable)
MR       +....                  (boots currently unavailable)
Stlth    +++++.....             O - +2 amulet of reflection
HPRegen  0.25/turn              E - ring of wizardry
MPRegen  0.24/turn              h - ring "Fuif" {rF+ Int+4}

@: statue-form, very slightly contaminated, invisible, divine energy, very slow
A: no striking features
a: End Transformation, Stop Divine Energy, Channel Magic, Forget Spell, Renounce
Religion


You were on level 1 of the Spider Nest.
You worshipped Sif Muna.
Sif Muna was greatly pleased with you.
You were not hungry.
You were a stone statue.
You visited 5 branches of the dungeon, and saw 24 of its levels.
You also visited: Labyrinth and Sewer.

You collected 2364 gold pieces.
You spent 72 gold pieces at shops.

Inventory:

Hand Weapons
 a - the +3 flail "Nydwin" {crush, rPois rF+ Str+3}
   (You found it in a labyrinth)

   It inflicts extra damage upon your enemies.
   It affects your strength (+3).
   It protects you from fire.
   It protects you from poison.
 b - the +6 falchion of Deflation (weapon) {flame, Int+3}
   (You found it on level 11 of the Dungeon)

   It has been specially enchanted to burn those struck by it, causing extra
   injury to most foes and up to half again as much damage against particularly
   susceptible opponents.
   Big, fiery blades are also staple armaments of hydra-hunters.
   It affects your intelligence (+3).
Missiles
 A - 5 tomahawks of dispersal (quivered)
Armour
 c - a +2 pair of boots (melded)
 o - a +0 helmet (worn)
 s - a +2 robe of the Archmagi (melded)
 t - a +2 robe of cold resistance
 D - a +2 pair of gloves (melded)
 P - a scarf of resistance (worn)
 Z - +0 steam dragon scales
Magical Staves
 e - an uncursed staff of summoning
Jewellery
 h - the ring "Fuif" (right hand) {rF+ Int+4}
   (You acquired it on level 1 of the Lair of Beasts)

   [ring of protection from fire]

   It affects your intelligence (+4).
   It protects you from fire.
 E - a ring of wizardry (left hand)
 O - a +2 amulet of reflection (around neck)
 R - an uncursed ring of protection from magic
 U - an uncursed ring of resist corrosion
 W - an uncursed ring of fire
 Y - an uncursed ring of flight
Wands
 m - a wand of acid (8)
 p - a wand of enslavement (13)
 q - a wand of iceblast (5)
 w - a wand of polymorph (15)
 H - a wand of scattershot (5)
 J - a wand of digging (17)
 Q - a wand of disintegration (14)
Scrolls
 f - 10 scrolls of remove curse
 g - 4 scrolls of magic mapping
 j - a scroll of identify
 k - a scroll of summoning
 l - 9 scrolls of teleportation
 n - 8 scrolls of immolation
 r - 2 scrolls of holy word {unknown}
 y - 3 scrolls of fog
 z - 2 scrolls of blinking
 I - 7 scrolls of fear
Potions
 i - a potion of degeneration
 v - 9 potions of curing
 B - 3 potions of invisibility
 F - a potion of agility
Comestibles
 d - 27 rations


   Skills:
 + Level 11.7 Dodging
 - Level 11.2 Stealth
 + Level 13.2 Spellcasting
 - Level 11.0 Conjurations
 - Level 8.9 Hexes
 - Level 6.3 Charms
 - Level 8.2 Summonings
 - Level 4.2 Necromancy
 - Level 2.2 Translocations
 + Level 6.1 Transmutations
   Level 10.6 Fire Magic
 * Level 6.3 Ice Magic
 - Level 8.4 Air Magic
 + Level 6.1 Earth Magic
   Level 1.8 Poison Magic
 - Level 3.8 Invocations
 - Level 4.0 Evocations


You couldn't memorise any spells.
You knew the following spells:

 Your Spells              Type           Power        Failure   Level  Hunger
a - Stone Arrow           Conj/Erth      ######       1%          3    None
b - Summon Butterflies    Summ           ######..     1%          1    None
c - Blink                 Tloc           N/A          1%          2    None
e - Cause Fear            Hex            ######....   1%          4    None
h - Slow                  Hex            ######..     1%          2    None
l - Swiftness             Chrm/Air       ######..     1%          2    None
n - Summon Lightning Spi  Summ/Air       ######..     1%          4    None
o - Statue Form           Tmut/Erth      ######...    9%          6    ###....
p - Regeneration          Chrm/Necr      ######....   1%          3    None
q - Freezing Cloud        Conj/Ice/Air   ######....   3%          6    ###....
s - Orb of Destruction    Conj           #######...   6%          7    #####..


Dungeon Overview and Level Annotations

Branches:
Dungeon (15/15)            Temple (1/1) D:7            Lair (5/6) D:10
 Shoals (0/4) Lair:4       Spider (1/4) Lair:2          Orc (2/2) D:12
    Elf (0/3) Orc:2        Vaults (0/5) D:14         Depths (0/5) D:15
  Slime: Lair:5-6

Altars:
Ashenzari
Cheibriados
Dithmenos
Elyvilon
Fedhas
Gozag
Hepliaklqana
Kikubaaqudgha
Makhleb
Nemelex Xobeh
Okawaru
Qazlal
Ru
Sif Muna
Trog
Uskayaw
Vehumet
Wu Jian
Xom
Yredelemnul
Zin
The Shining One
Beogh

Shops:
D:9 }   Orc:2 *(}%:

Annotations:
D:6 gold


Message History

The wolf spider misses you.
You riposte.
You catch the helpless wolf spider completely off-guard!
You hit the wolf spider. You burn the wolf spider.
The wolf spider is heavily wounded.
The wolf spider closely misses you. The redback barely misses you.
You riposte.
You closely miss the redback.
The redback is heavily wounded.
The redback bites you but does no damage.
You see here 4 gold pieces.
The redback is no longer covered in acid.
The wolf spider barely misses you.
The wolf spider bites you but does no damage.
The redback closely misses you. The wolf spider misses you.
You riposte.
You barely miss the wolf spider.
The wolf spider is heavily wounded.
The wolf spider closely misses you. The redback misses you.
You riposte.
You closely miss the redback.
The redback is heavily wounded.
The wolf spider hits you!
You die...

,,s..........†.......(....,,*
,,......#....##....##....,,,**
,*...####.^####.s†..#,,,.,,,,*
**.,,.,,####..#.^†..###,,,,,,*
**,,,...#.,#..^†......##..,***
***,,.^....#....†.$....≈..,*
**,,,.................≈≈##**
**,,,.........(#ss.#.≈#≈≈#
*,,,,.........^#8...≈≈≈≈##
,,,,,#.#...###≈#....≈≈≈≈≈#
,,,,,.,#...,,..#≈..#≈≈≈≈≈#*
,,*,,,.....,,...######≈≈≈≈*
*****.#...,,....# *≈≈≈#*
,*****#...,,...## **##*
***,,,,,,,,,,*#*
***,,,,,,,*,,* ***
,,*,,,,,,,*******,***


You could see a wolf spider, a tarantella (wandering) and a redback.

Vanquished Creatures
  A ghoul (D:15)
  The ghost of ZomBoFoB the Basher, a journeyman OgGl of the Shining One (D:10)
  Snorg (D:13)
  2 vault guards (D:14)
  5 hydras
  The ghost of Aviak the Fighter, a journeyman OpAK of Lugonu (Lair:2)
  A centaur warrior (D:13)
  5 two-headed ogres
  A tengu warrior (D:15)
  An ogre mage (D:15)
  7 orc high priests
  2 skeletal warriors (D:15)
  A deep troll (D:15)
  Pikel (D:5)
  A wizard (D:14)
  A lindwurm (Lair:5)
  9 orc knights
  2 necromancers (D:14)
  An orb spider (Spider:1)
  11 ugly things
  A manticore (D:13)
  5 oklob plants
  3 wolf spiders (Spider:1)
  7 orc sorcerers
  3 cyclopes
  A deep elf mage (D:15)
  A manticore (shapeshifter) (D:15)
  2 centaur zombies
  4 black mambas
  8 spiny frogs
  2 gargoyles
  10 komodo dragons
  A kobold demonologist (D:15)
  An efreet (D:14)
  A guardian mummy (D:15)
  2 demonic crawlers (Lair:2)
  A minotaur zombie (Lab)
  A tengu conjurer (D:15)
  A harpy zombie (D:15)
  A jumping spider (Spider:1)
  5 trolls
  2 polar bears
  A wolf spider simulacrum (D:15)
  The ghost of Regeox the Cudgeler, an amateur DsGl of Ru (D:4)
  13 blink frogs
  7 dream sheep (Lair:5)
  2 meliai zombies
  12 hippogriffs
  6 redbacks (Spider:1)
  A spriggan (D:11)
  4 shadows
  A water elemental (D:14)
  3 tarantellas (Spider:1)
  2 wraiths (D:14)
  26 yaks
  A vampire (D:15)
  20 humans
  4 wyverns
  3 steam dragons
  3 basilisks
  A hungry ghost (D:11)
  9 vampire mosquitoes
  4 wargs
  2 acid dragons (D:12)
  11 water moccasins
  10 porcupines
  A slave (D:5)
  3 ice beasts
  A sky beast (D:11)
  2 black bears
  43 orc warriors
  An eye of draining (D:12)
  3 phantoms
  11 ogres
  8 boggarts
  5 wolves (Lair:1)
  15 centaurs
  6 crocodiles
  6 big kobolds
  10 bullfrogs
  4 scorpions
  21 killer bees
  5 wights
  2 electric eels
  7 crimson imps
  2 quasits
  8 hounds
  4 jellies
  36 orc priests
  29 orc wizards
  2 bullfrog skeletons
  9 worker ants
  2 hound skeletons
  2 mummies (D:15)
  Robin (D:3)
  3 river rats (Sewer)
  19 adders
  2 shadow imps
  7 oozes
  5 worms
  3 dart slugs (D:1)
  3 leopard geckos
  111 orcs
  3 ball pythons
  7 giant cockroaches
  12 goblins
  17 hobgoblins
  13 jackals
  36 kobolds
  4 quokkas
  9 bats
  2 frilled lizards
  A giant cockroach zombie (D:6)
  A jackal skeleton (D:8)
  A jackal zombie (D:5)
  A leopard gecko skeleton (D:4)
  11 rats
  3 fungi
  3 plants
791 creatures vanquished.

Vanquished Creatures (collateral kills)
  The ghost of pie21 the Severer, a journeyman HOMo of Beogh (D:12)
  A minotaur (Lab)
  Sigmund (D:2)
  A redback (Spider:1)
  2 yaks (D:11)
  Duvessa (D:7)
  2 ice beasts (D:7)
  An orc warrior (D:9)
  A black bear (D:7)
  A phantom (D:1)
  A centaur (D:7)
  Dowan (D:7)
  5 wights
  3 hounds
  2 orc wizards (D:6)
  2 adders (D:2)
  A worm (D:2)
  A leopard gecko (D:7)
  4 orcs
  A ball python (D:2)
  2 goblins (D:1)
  A hobgoblin (D:2)
  5 jackals
  A kobold (D:2)
  A plant (D:1)
43 creatures vanquished.

Vanquished Creatures (others)
  A quokka (D:8)
  7 fungi
  6 plants
  2 withered plants (D:15)
16 creatures vanquished.

Grand Total: 850 creatures vanquished

Notes
Turn   | Place    | Note
-------+----------+-------------------------------------------
     0 | D:1      | Mefis the Deep Elf Wizard began the quest for the Orb.
     0 | D:1      | Reached XP level 1. HP: 10/10 MP: 7/7
   252 | D:1      | Reached XP level 2. HP: 15/15 MP: 4/9
   258 | D:1      | Learned a level 2 spell: Call Imp
   261 | D:1      | Learned a level 2 spell: Blink
   559 | D:1      | Reached skill level 5 in Spellcasting
   651 | D:1      | Reached XP level 3. HP: 19/19 MP: 4/11
   656 | D:1      | Learned a level 3 spell: Conjure Flame
   660 | D:1      | Learned a level 3 spell: Mephitic Cloud
  1869 | D:2      | Reached XP level 4. HP: 24/24 MP: 5/13
  1874 | D:2      | Noticed a phantom
  2112 | D:1      | Killed a phantom
  2112 | D:1      | Reached skill level 1 in Poison Magic
  2280 | D:2      | Noticed Sigmund
  2307 | D:2      | Killed Sigmund
  2307 | D:2      | Reached skill level 1 in Air Magic
  2307 | D:2      | Reached XP level 5. HP: 28/28 MP: 2/15
  2404 | D:2      | Found an iron altar of Okawaru.
  2442 | D:2      | Found a hide-covered altar of Uskayaw.
  2515 | D:2      | Found a glowing golden altar of the Shining One.
  2970 | D:3      | Reached XP level 6. HP: 32/32 MP: 10/16
  3373 | D:3      | Noticed Robin
  3398 | D:3      | Killed Robin
  3573 | D:3      | Found a sparkling altar of Nemelex Xobeh.
  4249 | D:4      | Noticed Regeox's ghost (amateur DsGl)
  4275 | D:4      | Reached skill level 6 in Spellcasting
  5060 | D:4      | Reached XP level 7. HP: 36/36 MP: 11/18
  5148 | D:4      | Killed Regeox's ghost
  5421 | D:5      | Entered Level 5 of the Dungeon
  5430 | D:5      | Learned a level 2 spell: Slow
  5497 | D:5      | Reached skill level 5 in Stealth
  5615 | D:5      | Found a shadowy altar of Dithmenos.
  5665 | D:5      | Found a glowing drain.
  5670 | Sewer    | Entered a sewer
  5738 | Sewer    | Reached skill level 1 in Hexes
  6328 | Sewer    | Reached XP level 8. HP: 41/41 MP: 16/20
  6802 | D:5      | Reached skill level 5 in Dodging
  6802 | D:5      | Reached skill level 7 in Spellcasting
  7044 | D:5      | Found a shattered altar of Ashenzari.
  7242 | D:5      | Noticed Pikel
  7251 | D:5      | Killed Pikel
  7251 | D:5      | Reached skill level 5 in Conjurations
  7614 | D:6      | Found a shadowy altar of Dithmenos.
  7817 | D:6      | Learned a level 4 spell: Summon Lightning Spire
  7823 | D:6      | Learned a level 5 spell: Fireball
  7990 | D:6      | Found a burning altar of Makhleb.
  8534 | D:7      | Noticed Duvessa
  8534 | D:7      | Noticed Dowan
  8766 | D:7      | Reached XP level 9. HP: 44/45 MP: 9/22
  8949 | D:7      | Reached skill level 1 in Fire Magic
  9236 | D:7      | Reached skill level 8 in Spellcasting
  9785 | D:7      | Found an ornate altar of the Wu Jian Council.
  9815 | D:7      | Found a staircase to the Ecumenical Temple.
 10122 | D:7      | Killed Duvessa
 10125 | D:7      | Killed Dowan
 10413 | Temple   | Entered the Ecumenical Temple
 10444 | Temple   | Became a worshipper of Sif Muna the Loreminder
 10448 | Temple   | Lost strength.
 11328 | D:8      | Found a white marble altar of Elyvilon.
 11378 | D:8      | Reached skill level 5 in Hexes
 11545 | D:8      | Reached skill level 5 in Air Magic
 11703 | D:8      | Reached * piety under Sif Muna
 12142 | D:9      | Noticed a two-headed ogre
 12147 | D:9      | Killed a two-headed ogre
 12147 | D:9      | Reached XP level 10. HP: 50/50 MP: 9/24
 12443 | D:9      | Noticed a two-headed ogre
 12459 | D:9      | Killed a two-headed ogre
 12459 | D:9      | Reached skill level 9 in Spellcasting
 12470 | D:9      | Reached ** piety under Sif Muna
 12599 | D:9      | Reached skill level 5 in Fire Magic
 12918 | D:9      | Found Yreroiqo's Gadget Boutique.
 13567 | D:9      | Noticed a two-headed ogre
 13572 | D:9      | Killed a two-headed ogre
 13985 | D:10     | Entered Level 10 of the Dungeon
 14073 | D:10     | Reached *** piety under Sif Muna
 14186 | D:10     | Noticed ZomBoFoB's ghost (journeyman OgGl)
 14263 | D:10     | Killed ZomBoFoB's ghost
 14263 | D:10     | Reached skill level 5 in Summonings
 14414 | D:10     | Reached XP level 11. HP: 54/54 MP: 16/26
 14580 | D:10     | Learned a level 5 spell: Metabolic Englaciation
 14721 | D:10     | Found a staircase to the Lair.
 15646 | D:11     | Reached skill level 1 in Ice Magic
 15866 | D:11     | Reached **** piety under Sif Muna
 16181 | D:11     | Reached skill level 10 in Spellcasting
 17150 | Lair:1   | Entered Level 1 of the Lair of Beasts
 17248 | Lair:1   | Learned a level 2 spell: Swiftness
 17250 | Lair:1   | Learned a level 1 spell: Summon Butterflies
 17441 | Lair:1   | Reached ***** piety under Sif Muna
 17603 | Lair:1   | Identified Sif Muna's Compendium of the Cankerous Entourage (Sif Muna gifted it to you on level 1 of the Lair of Beasts)
 17603 | Lair:1   | Received a gift from Sif Muna
 18503 | Lair:1   | Noticed an oklob plant
 18503 | Lair:1   | Noticed an oklob plant
 18650 | Lair:1   | Killed an oklob plant
 18650 | Lair:1   | Reached XP level 12. HP: 48/59 MP: 8/28
 18873 | Lair:2   | Noticed Aviak's ghost (journeyman OpAK)
 18883 | Lair:2   | Noticed a four-headed hydra
 19619 | Lair:2   | Noticed a five-headed hydra
 19623 | Lair:2   | Killed a five-headed hydra
 19742 | Lair:2   | Reached skill level 10 in Stealth
 19914 | Lair:2   | Found a hole to the Spider Nest.
 19943 | Lair:2   | Killed a four-headed hydra
 20231 | Lair:2   | Killed Aviak's ghost
 20913 | Lair:3   | Identified Sif Muna's Volume of Burning Battle Magic (Sif Muna gifted it to you on level 3 of the Lair of Beasts)
 20913 | Lair:3   | Received a gift from Sif Muna
 21211 | Lair:3   | Reached skill level 11 in Spellcasting
 21223 | Lair:2   | Learned a level 4 spell: Airstrike
 21605 | Lair:3   | Noticed a four-headed hydra
 21637 | Lair:3   | Killed a four-headed hydra
 22613 | Lair:4   | Found a staircase to the Shoals.
 23076 | Lair:4   | Reached XP level 13. HP: 63/63 MP: 8/30
 25163 | Lair:5   | Identified Sif Muna's Sophisticated Witchcraft (Sif Muna gifted it to you on level 5 of the Lair of Beasts)
 25163 | Lair:5   | Received a gift from Sif Muna
 25336 | Lair:5   | Reached skill level 10 in Dodging
 26174 | Lair:5   | Learned a level 4 spell: Animate Dead
 26183 | Lair:5   | Learned a level 6 spell: Statue Form
 26611 | Lair:5   | Found the +9 sword of Zonguldrok {reap}
 27105 | D:11     | Got a faintly glowing falchion
 27106 | D:11     | Identified the +6 falchion of Deflation {flame, Int+3} (You found it on level 11 of the Dungeon)
 27123 | D:12     | Reached skill level 1 in Earth Magic
 27402 | D:12     | Reached skill level 10 in Conjurations
 28053 | D:12     | Reached skill level 1 in Transmutations
 28217 | D:12     | Found a staircase to the Orcish Mines.
 28675 | D:12     | Noticed pie21's ghost (journeyman HOMo)
 28712 | D:12     | Killed pie21's ghost
 29238 | D:13     | Learned a level 3 spell: Regeneration
 29270 | D:13     | Noticed Snorg
 29297 | D:13     | Killed Snorg
 30001 | D:14     | Reached skill level 1 in Necromancy
 30250 | D:14     | Reached skill level 12 in Spellcasting
 30271 | D:13     | Reached skill level 1 in Invocations
 30465 | D:13     | Reached skill level 10 in Fire Magic
 30465 | D:13     | Reached skill level 1 in Evocations
 30992 | D:14     | Reached XP level 14. HP: 68/68 MP: 19/32
 31358 | D:14     | Identified Xumedoam's Almanac of Lethal Clay (Sif Muna gifted it to you on level 14 of the Dungeon)
 31358 | D:14     | Received a gift from Sif Muna
 32652 | D:14     | Found a gate to the Vaults.
 32966 | Lair:1   | Learned a level 7 spell: Ring of Flames
 33039 | Orc:1    | Entered Level 1 of the Orcish Mines
 33194 | D:12     | Reached skill level 1 in Charms
 33692 | Orc:2    | Entered Level 2 of the Orcish Mines
 34372 | Orc:2    | Found a roughly hewn altar of Beogh.
 34792 | Orc:2    | Found a runed door.
 34912 | Orc:2    | Identified Sif Muna's Reference Book on Creation and Fire (Sif Muna gifted it to you on level 2 of the Orcish Mines)
 34912 | Orc:2    | Received a gift from Sif Muna
 36012 | Orc:2    | Found Kafo's Book Shoppe.
 36449 | Orc:2    | Found a staircase to the Elven Halls.
 36660 | Orc:2    | Found Pusoxtoe's Gadget Boutique.
 36663 | Orc:2    | Found Jyess's Weapon Shop.
 36664 | Orc:2    | Found Wapteiga's Food Boutique.
 36665 | Orc:2    | Found Afirry's General Store.
 36671 | Orc:2    | Bought a potion of degeneration for 12 gold pieces
 36671 | Orc:2    | Bought a scroll of noise for 12 gold pieces
 36671 | Orc:2    | Bought a scroll of identify for 24 gold pieces
 36671 | Orc:2    | Bought a scroll of identify for 24 gold pieces
 37251 | Orc:2    | Reached skill level 5 in Charms
 37457 | Orc:2    | Found a roughly hewn altar of Beogh.
 37610 | D:15     | Entered Level 15 of the Dungeon
 37613 | D:15     | Found a labyrinth entrance.
 37633 | Lab      | Entered a labyrinth
 38111 | Lab      | Got a brightly glowing flail
 38260 | Lab      | Identified the cursed +3 flail "Nydwin" {crush, rPois rF+ Str+3} (You found it in a labyrinth)
 38553 | Lair:1   | Identified a scroll of acquirement
 38565 | Lair:1   | Got a serpentine copper ring
 38567 | Lair:1   | Identified the ring "Fuif" {rF+ Int+4} (You acquired it on level 1 of the Lair of Beasts)
 38596 | Lair:1   | Learned a level 6 spell: Freezing Cloud
 38683 | D:15     | Noticed a ghoul
 38689 | D:15     | Killed a ghoul
 38689 | D:15     | Reached skill level 5 in Transmutations
 38689 | D:15     | Reached skill level 5 in Earth Magic
 38689 | D:15     | Reached XP level 15. HP: 67/72 MP: 7/33
 39395 | D:15     | Reached skill level 5 in Ice Magic
 39581 | D:15     | Reached skill level 13 in Spellcasting
 39823 | D:15     | Found a staircase to the Depths.
 40267 | Lair:1   | Learned a level 7 spell: Orb of Destruction
 40273 | Lair:1   | Learned a level 4 spell: Cause Fear
 40277 | Lair:1   | Learned a level 3 spell: Stone Arrow
 40316 | Spider:1 | Entered Level 1 of the Spider Nest
 40707 | Spider:1 | Slain by a wolf spider

Skill      XL: |  1  2  3  4  5  6  7  8  9 10 11 12 13 14 15 |
---------------+----------------------------------------------+-----
Spellcasting   | 5 6 7 8 9 10 11 12 13 | 13.2
Stealth        | 3 4 5 6 7 8 9 10 11 | 11.2
Dodging        | 3 4 6 7 8 9 10 11 | 11.7
Conjurations   | 2 3 4 5 6 7 8 9 10 11 | 11.0
Poison Magic   | 1 |  1.8
Summonings     | 2 4 5 6 7 8 |  8.2
Translocations | 2 |  2.2
Air Magic      | 1 2 3 4 5 6 7 8 |  8.4
Hexes          | 1 4 5 6 8 |  8.9
Fire Magic     | 4 6 7 8 10 | 10.6
Ice Magic      | 3 4 6 |  6.3
Earth Magic    | 2 5 6 |  6.1
Transmutations | 2 5 6 |  6.1
Necromancy     | 1 4 |  4.2
Invocations    | 1 3 |  3.8
Evocations     | 1 4 |  4.0
Charms         | 6 |  6.3

Action                   |  1- 3 |  4- 6 |  7- 9 | 10-12 | 13-15 || total
-------------------------+-------+-------+-------+-------+-------++-------
Melee: Short sword       |    14 |       |       |       |       ||    14
       Scythe            |       |    39 |    29 |    39 |       ||   107
       Staff             |       |       |       |     3 |       ||     3
       Falchion          |       |       |       |       |   198 ||   198
 Fire: Hunting sling     |       |    12 |     7 |       |       ||    19
Throw: Tomahawk          |       |     3 |       |       |       ||     3
 Cast: Magic Dart        |   121 |   110 |   237 |    84 |       ||   552
       Call Imp          |     9 |    19 |     3 |       |       ||    31
       Mephitic Cloud    |     1 |    13 |    15 |    12 |       ||    41
       Conjure Flame     |       |    14 |    13 |     3 |       ||    30
       Summon Lightning  |       |       |    10 |    10 |     5 ||    25
       Fireball          |       |       |    31 |   228 |   354 ||   613
       Blink             |       |       |     2 |    17 |    27 ||    46
       Slow              |       |       |       |     9 |     7 ||    16
       Airstrike         |       |       |       |    39 |   158 ||   197
       Metabolic Englaci |       |       |       |     9 |     2 ||    11
       Swiftness         |       |       |       |       |     3 ||     3
       Regeneration      |       |       |       |       |    12 ||    12
       Stone Arrow       |       |       |       |       |    19 ||    19
       Freezing Cloud    |       |       |       |       |     3 ||     3
       Statue Form       |       |       |       |       |     2 ||     2
       Orb of Destructio |       |       |       |       |     1 ||     1
       Cause Fear        |       |       |       |       |     1 ||     1
Invok: Divine Energy     |       |       |       |     2 |     5 ||     7
       Stop Divine Energ |       |       |       |     1 |     5 ||     6
       Forget Spell      |       |       |       |       |     7 ||     7
Evoke: Wand              |       |       |       |       |     8 ||     8
  Use: Scroll            |       |     6 |     3 |    10 |    14 ||    33
       Potion            |       |       |       |     1 |     3 ||     4
 Stab: Distracted        |     1 |       |       |       |     1 ||     2
       Confused          |       |     2 |     4 |       |       ||     6
       Sleeping          |       |       |       |     1 |       ||     1
       Invisible         |       |       |       |       |     1 ||     1
  Eat: Chunk             |     3 |     7 |    24 |    37 |    44 ||   115
       Ration            |       |     1 |     1 |     8 |     6 ||    16
Armor: Robe              |     9 |     8 |    11 |     3 |    39 ||    70
       Steam dragon scal |       |       |       |    19 |    84 ||   103
       Skin              |       |       |       |       |    46 ||    46
Dodge: Dodged            |    39 |    37 |    64 |   109 |   446 ||   695
Block: Other             |       |       |       |       |    16 ||    16
       Rpst.: Falchion   |       |       |       |       |   104 ||   104
